 Dungeon Crawl Stone Soup version 0.20.1-1-g8b1a95d (webtiles) character file.

438 n0claF the Cudgeler (level 7, 0/41 HPs)
             Began as a Gargoyle Gladiator on Oct 30, 2017.
             Killed by divine providence
             ... invoked by an orc priest
              (13 damage)
             ... on level 4 of the Dungeon.
             The game lasted 00:06:08 (3303 turns).

n0claF the Cudgeler (Gargoyle Gladiator)            Turns: 3303, Time: 00:06:09

Health: 0/41       AC: 10    Str: 19    XL:     7   Next: 1%
Magic:  7/7        EV: 12    Int:  9    God:
Gold:   185        SH:  5    Dex: 11    Spells: 6/6 levels left

rFire    . . .     SeeInvis .   a - +0 flail
rCold    . . .     Gourm    .   y - +2 buckler
rNeg     + . .     Faith    .   b - +0 leather armour
rPois    ∞         Spirit   .   c - +0 helmet
rElec    +         Reflect  .   (no cloak)
rCorr    .         Harm     .   l - +0 pair of gloves
MR       .....                  (no boots)
Stlth    +.........             (no amulet)
Regen    0.2/turn               r - ring of poison resistance
MPRegen  0.1/turn               (no ring)

@: starving
A: negative energy resistance 1, electricity resistance, unbreathing,
petrification resistance, rot immunity, AC +4
a: no special abilities


You were on level 4 of the Dungeon.
You were starving.

You visited 1 branch of the dungeon, and saw 4 of its levels.

You collected 185 gold pieces.

Inventory:

Hand Weapons
 a - a +0 flail (weapon)
Missiles
 d - 3 throwing nets (quivered)
Armour
 b - a +0 leather armour (worn)
 c - a +0 helmet (worn)
 l - a +0 pair of gloves (worn)
 y - a +2 buckler (worn)
Jewellery
 r - a ring of poison resistance (left hand)
Scrolls
 e - a scroll of remove curse {unknown}
 g - 5 scrolls of identify {unknown}
 h - 2 scrolls of enchant weapon {unknown}
 j - 2 scrolls of fear {unknown}
 p - a scroll of recharging {unknown}
 s - 2 scrolls of blinking {unknown}
 x - 3 scrolls of teleportation {unknown}
Potions
 m - 3 potions of flight {unknown}
 o - a potion of might {unknown}
 q - a potion of cancellation {unknown}
 t - a potion of curing {unknown}
 u - 2 potions of heal wounds {unknown}
 v - 2 potions of ambrosia {unknown}
 w - a potion of haste {unknown}
Books
 n - a book of Cantrips

   Spells                             Type                      Level
   a - Confusing Touch                Hexes                        1
   b - Animate Skeleton               Necromancy                   1
   c - Summon Small Mammal            Summoning                    1
   d - Apportation                    Translocation                1
Comestibles
 f - a bread ration
 i - a meat ration
 k - 3 royal jellies


   Skills:
 + Level 3.1 Fighting
 + Level 5.8 Maces & Flails
 + Level 1.8 Throwing
 + Level 2.9 Armour
 + Level 3.4 Dodging
 + Level 0.8 Stealth
 + Level 0.2 Shields


You had 6 spell levels left.
You didn't know any spells.

Dungeon Overview and Level Annotations

Branches:
Dungeon (4/15)
 Temple: D:4-7

Altars:


Innate Abilities, Weirdness & Mutations

You are resistant to torment.
Your stone body is resilient. (AC +4)
You are immune to poison.
You resist negative energy. (rN+)
You are resistant to electric shocks. (rElec)
You can survive without breathing.
You are immune to petrification.
You are immune to rotting.


Message History

You are too hungry to fight recklessly!
You are too hungry to fight recklessly!
The orc wizard points at you and mumbles some strange words.
The puff of frost hits you!
You hit the orc priest.
The orc priest is lightly wounded.
You block the orc priest's attack. The orc closely misses you.
The orc wizard completely misses you.
The orc wizard mumbles some strange words.
The orc wizard flickers and vanishes!
Deactivating autopickup; reactivate with Ctrl-A.
The orc priest mumbles some strange prayers to Beogh against you.
Beogh smites you!
You barely miss the orc. You hit the orc.
The orc is moderately wounded.
The orc hits you but does no damage.
The orc priest invokes the aid of Beogh against you.
Beogh smites you!
You die...

..#...# #...........#
..##..# #...........#
...##.# #...........#
...# ##..........#
...## ###........#
....# ###......# ....##
##o.#### .....#######
##.##
.....##....####o@##
..................##
...................##
......[.............##
.....................##
......................#
................#.....#
...............##.....#
..............####[...#


You could see an orc priest and an orc.

Vanquished Creatures
  Sigmund (D:3)
  A phantom (D:4)
  Jessica (D:3)
  Natasha (twice) (D:2)
  A worker ant (D:4)
  4 adders
  An ooze (D:3)
  3 dart slugs
  A leopard gecko (D:3)
  A ball python (D:3)
  4 giant cockroaches
  4 goblins
  3 hobgoblins
  2 jackals (D:1)
  6 kobolds
  8 bats
  6 frilled lizards
  5 rats
54 creatures vanquished.

Notes
Turn   | Place    | Note
-------+----------+-------------------------------------------
     0 | D:1      | n0claF the Gargoyle Gladiator began the quest for the Orb.
     0 | D:1      | Reached XP level 1. HP: 12/12 MP: 1/1
   120 | D:1      | Reached XP level 2. HP: 17/18 MP: 2/2
   591 | D:2      | Reached XP level 3. HP: 15/22 MP: 3/3
  1021 | D:2      | Noticed Natasha
  1039 | D:2      | HP: 1/22 [Natasha (1)]
  1040 | D:2      | Killed Natasha
  1040 | D:2      | Reached skill level 4 in Maces & Flails
  1040 | D:2      | Reached skill level 1 in Armour
  1040 | D:2      | Reached XP level 4. HP: 2/27 MP: 4/4
  1577 | D:2      | Noticed Natasha
  1584 | D:2      | Killed Natasha
  1781 | D:3      | Reached XP level 5. HP: 31/31 MP: 5/5
  2176 | D:3      | Noticed Jessica
  2182 | D:3      | Killed Jessica
  2198 | D:3      | Noticed Sigmund
  2208 | D:3      | Killed Sigmund
  2208 | D:3      | Reached skill level 5 in Maces & Flails
  2208 | D:3      | Reached XP level 6. HP: 23/37 MP: 6/6
  2764 | D:4      | Noticed a phantom
  2846 | D:4      | Killed a phantom
  2846 | D:4      | Reached XP level 7. HP: 20/41 MP: 7/7
  3303 | D:4      | Killed from afar by an orc priest

Skill      XL: |  1  2  3  4  5 |
---------------+----------------+-----
Maces & Flails | 4 5 |  5.8
Armour         | 1 2 |  2.9
Fighting       | 3 |  3.1
Dodging        | 3 |  3.4
Throwing       | |  1.8
Stealth        | |  0.8
Shields        | |  0.2

Action                   |  1- 3 |  4- 6 |  7- 9 || total
-------------------------+-------+-------+-------++-------
Melee: Flail             |    67 |   181 |     8 ||   256
  Eat: Chunk             |       |     5 |       ||     5
       Fruit             |       |       |     1 ||     1
Armor: Leather armour    |    24 |    86 |     4 ||   114
Dodge: Dodged            |    58 |   110 |     7 ||   175
Block: Buckler           |       |     4 |     2 ||     6
